 Dungeon Crawl Stone Soup version 0.28-a0-1236-gb25a51b929 (webtiles) character file.

Game seed: 4275947231215186818

144 dolemite99 the Digger (level 5, 0/37 HPs)
             Began as a Gnoll Earth Elementalist on Dec 25, 2021.
             Was an Initiate of Hepliaklqana.
             Succumbed to a scorpion's poison
             ... on level 3 of the Dungeon.
             The game lasted 00:05:17 (2515 turns).

dolemite99 the Digger (Gnoll Earth Elementalist)    Turns: 2515, Time: 00:05:17

Health: 0/37       AC:  8    Str:  7    XL:     5   Next: 26%
Magic:  3/12       EV: 13    Int: 16    God:    Hepliaklqana [......]
Gold:   196        SH:  0    Dex: 13    Spells: 7/14 levels left

rFire   . . .      SeeInvis .   n - +0 flail (vorpal)
rCold   . . .      Faith    .   (no shield)
rNeg    . . .      Spirit   .   b - +0 robe
rPois   .          Reflect  .   p - +0 helmet
rElec   .          Harm     .   h - +0 cloak
rCorr   .          Rampage  .   (no gloves)
Will    .....                   (no boots)
Stlth   +++.......              (no amulet)
HPRegen 0.12/turn               i - +4 ring of protection
MPRegen 0.13/turn               (no ring)

@: lethally poisoned (0 -> -11), very slightly contaminated
A: fangs 1, strong nose, distributed training
a: Renounce Religion


You were on level 3 of the Dungeon.
You worshipped Hepliaklqana.
Hepliaklqana was noncommittal.
You visited 1 branch of the dungeon, and saw 3 of its levels.

You collected 196 gold pieces.

Inventory:

Hand Weapons
 a - a +0 dagger
 n - a +0 vorpal flail (weapon)
Missiles
 d - 38 sling bullets
 j - 8 javelins (quivered)
 m - 19 bolts
Armour
 b - a +0 robe (worn)
 h - a +0 cloak (worn)
 p - a +0 helmet (worn)
Jewellery
 i - a +4 ring of protection (left hand)
Scrolls
 c - a scroll of fear {unknown}
 f - a scroll of blinking {unknown}
 g - a scroll of teleportation
 k - a scroll of amnesia {unknown}
 o - 3 scrolls of fog


   Skills:
 + Level 1.4 Fighting
 + Level 1.4 Short Blades
 + Level 1.4 Long Blades
 + Level 1.4 Axes
 + Level 1.4 Maces & Flails
 + Level 1.4 Polearms
 + Level 1.4 Staves
 + Level 1.4 Slings
 + Level 1.4 Bows
 + Level 1.4 Crossbows
 + Level 1.4 Throwing
 + Level 1.4 Armour
 + Level 4.7 Dodging
 + Level 4.4 Stealth
 + Level 1.4 Shields
 + Level 1.4 Unarmed Combat
 + Level 5.2 Spellcasting
 + Level 1.1 Conjurations
 + Level 1.1 Hexes
 + Level 1.1 Summonings
 + Level 1.1 Necromancy
 + Level 1.1 Translocations
 + Level 2.3 Transmutations
 + Level 1.1 Fire Magic
 + Level 1.1 Ice Magic
 + Level 1.1 Air Magic
 + Level 5.5 Earth Magic
 + Level 1.1 Poison Magic
 + Level 1.6 Invocations
 + Level 1.4 Evocations


You had 7 spell levels left.
You knew the following spells:

 Your Spells              Type           Power      Damage    Failure   Level
a - Sandblast             Erth           42%        2d11      1%          1
b - Stone Arrow           Conj/Erth      28%        3d8       12%         3
c - Mephitic Cloud        Conj/Pois/Air  7%         N/A       28%         3

Your spell library contained the following spells:

 Spells                   Type           Power      Damage    Failure   Level
 Passwall                 Tmut/Erth      13%        N/A       4%          2
 Foxfire                  Conj/Fire      28%        2x1d5     10%         1
 Ignite Poison            Fire/Tmut/Pois 9%         N/A       24%         3
 Conjure Flame            Conj/Fire      7%         6-21      28%         3
 Inner Flame              Hex/Fire       7%         N/A       28%         3
 Swiftness                Air            7%         N/A       28%         3
 Petrify                  Tmut/Erth      16%        N/A       28%         4
 Animate Dead             Necr           3%         N/A       67%         4
 Flame Wave               Conj/Fire      7%         2d4       67%         4
 Freezing Cloud           Conj/Ice/Air   3%         6-21      95%         5
 Haunt                    Necr/Summ      3%         N/A       100%        7
 Infestation              Necr           3%         N/A       100%        8


Dungeon Overview and Level Annotations

Branches:
Dungeon (3/15)

Altars:
Hepliaklqana
The Shining One

Shops:
D:3 [

Annotations:
D:2 exclusion: downstairs


Innate Abilities, Weirdness & Mutations

You have very sharp teeth.
Your uncanny sense of smell can sniff out nearby items.
Your experience applies equally to all skills.


Message History

Confirm with . or Enter, or press ? or * to list all spells.
Aiming: Stone Arrow (dangerous; 12% risk of failure)
Press: ? - help, Shift-Dir - straight line, f/p - scorpion
Aim: a scorpion (68% to hit)
You miscast Stone Arrow.
Nothing appears to happen.
The scorpion closely misses you.
Casting: Stone Arrow (dangerous; 12% risk of failure)
Confirm with . or Enter, or press ? or * to list all spells.
Aiming: Stone Arrow (dangerous; 12% risk of failure)
Press: ? - help, Shift-Dir - straight line, f/p - scorpion
Aim: a scorpion (68% to hit)
The stone arrow misses the scorpion.
The scorpion stings you.
You are poisoned.
The scorpion poisons you!
You feel very sick.
You feel very sick.
An orc comes into view. It is wielding a +0 mace.
You feel sick. The scorpion stings you.
You are more poisoned.
The scorpion poisons you!
You feel very sick.
You feel better. The scorpion closely misses you.
As you read the scroll of fog, it crumbles to dust.
The scroll dissolves into smoke.
The scorpion closely misses you.
As you read the scroll of teleportation, it crumbles to dust.
You feel strangely unstable. The scorpion misses you.
The orc priest shouts!
You hit the scorpion but do no damage.
You hear a shout!
The scorpion closely misses you. The scorpion stings you.
You are poisoned.
The scorpion poisons you! The orc priest closely misses you.
You feel very sick. The scorpion stings you.
The orc priest mumbles some strange prayers to Beogh against you.
Pain shoots through your body!
* * * LOW HITPOINT WARNING * * *
Your surroundings suddenly seem different.
Found a stone staircase leading down.
You die...

#.........S..
#............
#............
#............
#.>..........
#............
#............
#....@.......
##......#####
#......#
####......#
#.........#
#.#######.#
#.#.....#.#######
#[#.....#.......#
#.#.._..#.#####.#


You could see an adder (wandering).

Vanquished Creatures
  A hound skeleton (D:2)
  7 adders
  A worm (D:2)
  3 dart slugs
  5 orcs (D:3)
  6 bats
  5 endoplasms
  3 giant cockroaches (D:1)
  3 goblins
  2 hobgoblins
  A jackal (D:2)
  2 kobolds
  3 quokkas
  7 ball pythons
  2 frilled lizards
  4 rats
55 creatures vanquished.

Notes
Turn   | Place    | Note
-------+----------+-------------------------------------------
     0 | D:1      | dolemite99 the Gnoll Earth Elementalist began the quest for
                  | the Orb.
     0 | D:1      | Reached XP level 1. HP: 13/13 MP: 6/6
   316 | D:1      | Reached XP level 2. HP: 19/19 MP: 5/7
   495 | D:1      | Found a faded altar of an unknown god.
   556 | D:1      | Prayed at the altar of an unknown god.
   556 | D:1      | Became a worshipper of the Shining One
   556 | D:1      | Reached * piety under the Shining One
   963 | D:2      | Reached XP level 3. HP: 25/25 MP: 6/9
  1100 | D:2      | Reached skill level 5 in Spellcasting
  1146 | D:2      | Reached skill level 1 in Invocations
  1200 | D:2      | Reached skill level 1 in Fighting
  1200 | D:2      | Reached skill level 1 in Short Blades
  1200 | D:2      | Reached skill level 1 in Long Blades
  1200 | D:2      | Reached skill level 1 in Axes
  1200 | D:2      | Reached skill level 1 in Maces & Flails
  1200 | D:2      | Reached skill level 1 in Polearms
  1200 | D:2      | Reached skill level 1 in Staves
  1200 | D:2      | Reached skill level 1 in Slings
  1200 | D:2      | Reached skill level 1 in Bows
  1200 | D:2      | Reached skill level 1 in Crossbows
  1200 | D:2      | Reached skill level 1 in Throwing
  1200 | D:2      | Reached skill level 1 in Armour
  1200 | D:2      | Reached skill level 1 in Shields
  1200 | D:2      | Reached skill level 1 in Unarmed Combat
  1200 | D:2      | Reached skill level 1 in Evocations
  1235 | D:2      | Reached XP level 4. HP: 32/32 MP: 7/11
  1644 | D:2      | Reached skill level 1 in Conjurations
  1644 | D:2      | Reached skill level 1 in Hexes
  1644 | D:2      | Reached skill level 1 in Summonings
  1644 | D:2      | Reached skill level 1 in Necromancy
  1644 | D:2      | Reached skill level 1 in Translocations
  1644 | D:2      | Reached skill level 1 in Fire Magic
  1644 | D:2      | Reached skill level 1 in Ice Magic
  1644 | D:2      | Reached skill level 1 in Air Magic
  1644 | D:2      | Reached skill level 1 in Poison Magic
  1703 | D:2      | Learned a level 3 spell: Stone Arrow
  1707 | D:2      | Learned a level 3 spell: Mephitic Cloud
  1912 | D:3      | Found a hazy altar of Hepliaklqana.
  1934 | D:3      | Fell from the grace of the Shining One
  1934 | D:3      | Became a worshipper of Hepliaklqana the Forgotten
  2010 | D:3      | Reached XP level 5. HP: 37/37 MP: 9/12
  2100 | D:3      | Found Naurall's Armour Shoppe.
  2515 | D:3      | Succumbed to a scorpion's poison

Illustrated notes

Levels and vault maps discovered:
D:1:      dpeg_arrival_rooms_c, layout_basic,
          hellmonk_ecumenical_altar_inner_sanctum
D:2:      layout_basic, hangedman_glass_teeth, st_stairs_2
D:3:      layout_basic, amcnicky_altar_gilded, serial_shops, shop_statue

Skill      XL: |  1  2  3  4 |
---------------+-------------+-----
Transmutations | 2 |  2.3
Spellcasting   | 5 |  5.2
Invocations    | 1 |  1.6
Fighting       | 1 |  1.4
Short Blades   | 1 |  1.4
Long Blades    | 1 |  1.4
Axes           | 1 |  1.4
Maces & Flails | 1 |  1.4
Polearms       | 1 |  1.4
Staves         | 1 |  1.4
Slings         | 1 |  1.4
Bows           | 1 |  1.4
Crossbows      | 1 |  1.4
Throwing       | 1 |  1.4
Armour         | 1 |  1.4
Shields        | 1 |  1.4
Unarmed Combat | 1 |  1.4
Evocations     | 1 |  1.4
Conjurations   | 1 |  1.1
Hexes          | 1 |  1.1
Summonings     | 1 |  1.1
Necromancy     | 1 |  1.1
Translocations | 1 |  1.1
Fire Magic     | 1 |  1.1
Ice Magic      | 1 |  1.1
Air Magic      | 1 |  1.1
Poison Magic   | 1 |  1.1
Dodging        | |  4.7
Stealth        | |  4.4
Earth Magic    | |  5.5

Action                   |  1- 3 |  4- 6 || total
-------------------------+-------+-------++-------
Melee: Dagger            |       |    12 ||    12
       Flail             |       |    16 ||    16
       Bite              |       |     2 ||     2
Throw: Javelin           |       |     1 ||     1
 Cast: Sandblast         |    32 |    34 ||    66
       Stone Arrow       |       |     6 ||     6
  Use: Scroll            |       |     5 ||     5
       Potion            |       |     1 ||     1
Armor: Robe              |     5 |    17 ||    22
Dodge: Dodged            |     9 |    31 ||    40

Table legend: (Time is in decaauts)
 A = Elapsed time spent in this place.
 B = Non-inter-level travel time spent in this place.
 C = Inter-level travel time spent in this place.
 D = Time resting spent in this place.
 E = Time spent auto-exploring this place.
 F = Levels seen in this place.
 G = Mean time per level.
                   A        B        C        D        E       F      G
               +--------+--------+--------+--------+--------+-----+--------+
         Total |   2518 |   2399 |    119 |    202 |   1599 |   3 |  839.3 |
       Dungeon |   2518 |   2399 |    119 |    202 |   1599 |   3 |  839.3 |
               +--------+--------+--------+--------+--------+-----+--------+

Top non-repeatable levels by time:
     D:2: 965 daAuts
     D:1: 958 daAuts
     D:3: 594 daAuts
